 Dungeon Crawl Stone Soup version 0.30.1-11-g7821555f0a (webtiles) character file.

Game seed: 4814500831421623807

2804 FRATTO the Grappler (level 9, -10/92 HPs)
             Began as a Troll Wanderer on Dec 5, 2023.
             Was an Elder of Cheibriados.
             Mangled by a manticore (14 damage)
             ... on level 8 of the Dungeon.
             The game lasted 00:11:32 (5895 turns).

FRATTO the Grappler (Troll Wanderer)                Turns: 5895, Time: 00:11:33

Health: -10/92     AC:  7    Str: 34    XL:     9   Next: 44%
Magic:  5/11       EV:  9    Int: 20    God:    Cheibriados [****..]
Gold:   369        SH:  0    Dex: 16    Spells: 7/10 levels left

rFire   . .          .
                       - Unarmed
rCold   . . .        (no shield)
rNeg    + . .        c - +0 robe
rPois   .            A - +2 hat
rElec   .            q - +0 cloak
rCorr   .            (gloves unavailable)
SInv    .            (boots unavailable)
Will    .....        (no amulet)
Stlth   +            e - ring of positive energy
HPRegen 1.15/turn    (no ring)
MPRegen 0.12/turn

%: no passive effects
@: very slow
A: large, unfitting armour, claws 3, regeneration 1, shaggy fur 1, tough skin 1
a: Renounce Religion, Bend Time, Temporal Distortion, Slouch


You were on level 8 of the Dungeon.
You worshipped Cheibriados.
Cheibriados was greatly pleased with you.
You visited 1 branch of the dungeon, and saw 8 of its levels.

You collected 369 gold pieces.

Inventory:

Armour
 c - a +0 robe (worn)
 q - a +0 cloak (worn)
 A - a +2 hat (worn)
Jewellery
 e - a ring of positive energy (left claw)
 y - an amulet of the acrobat
Wands
 o - a wand of roots (2)
Scrolls
 f - 4 scrolls of magic mapping
 g - 4 scrolls of teleportation {unknown}
 i - a scroll of brand weapon {unknown}
 j - 5 scrolls of vulnerability
 k - a scroll of fog
 p - a scroll of enchant armour {unknown}
 r - 2 scrolls of immolation {unknown}
 t - a scroll of noise
 u - a scroll of enchant weapon
 v - a scroll of blinking
 w - 2 scrolls of silence
 x - 4 scrolls of identify
 z - a scroll of fear {unknown}
Potions
 a - 2 potions of mutation
 b - 3 potions of lignification
 h - a potion of flight
 l - 5 potions of attraction
 n - 2 potions of brilliance
 s - 2 potions of might
 B - a potion of curing {unknown}
Miscellaneous
 d - a piece from Xom's chessboard (15/15)


   Skills:
 + Level 6.8 Fighting
 + Level 8.1 Unarmed Combat
 - Level 1.2 Spellcasting
 - Level 3.7 Ice Magic
 - Level 1.0 Air Magic
 + Level 5.2 Invocations
 - Level 1.3 Evocations


You had 7 spell levels left.
You knew the following spells:

 Your Spells              Type           Power      Damage    Failure   Level
a - Freeze                Ice            64%        1d7       3%          1
b - Poisonous Vapours     Pois/Air       6%         N/A       22%         2

Your spell library contained the following spells:

 Spells                   Type           Power      Damage    Failure   Level
 Ensorcelled Hibernation  Hex/Ice        16%        N/A       12%         2
 Summon Small Mammal      Summ           4%         N/A       17%         1
 Cigotuvi's Dreadful Rot  Necr/Pois/Air  4%         N/A       22%         2
 Hailstorm                Conj/Ice       8%         3d4       24%         3
 Call Canine Familiar     Summ           1%         N/A       45%         3
 Summon Guardian Golem    Hex/Summ       1%         N/A       45%         3
 Dispel Undead            Necr           1%         3d6       86%         4
 Death Channel            Necr           0%         N/A       100%        6


Dungeon Overview and Level Annotations

Branches:
Dungeon (8/15)             Temple (0/1) D:5
   Lair: D:8-11

Altars:
Cheibriados
Gozag
Hepliaklqana
Nemelex Xobeh
Ru
Uskayaw
Vehumet
Xom

Shops:
D:1 *

Annotations:
D:3 Natasha


Innate Abilities, Weirdness & Mutations

You are too large for most types of armour.
You have claws for hands.
Your natural rate of healing is unusually fast.
You are covered in fur. (AC +1)
You have tough skin. (AC +1)


Message History

The manticore barely misses you.
You scratch the manticore.
The manticore is lightly wounded.
You carefully extract the barbed spikes from your body.
The manticore bites you!!
* * * LOW HITPOINT WARNING * * *
The manticore claws you!
* * * LOW HITPOINT WARNING * * *
The manticore claws you but does no damage.
You feel much better.
The manticore bites you but does no damage.
The manticore barely misses you. The manticore claws you!
* * * LOW HITPOINT WARNING * * *
You feel much better. The manticore bites you. The manticore claws you!
* * * LOW HITPOINT WARNING * * *
The manticore closely misses you.
You scratch the manticore. You claw the manticore!
The manticore is heavily wounded.
The manticore bites you!
* * * LOW HITPOINT WARNING * * *
The manticore barely misses you. The manticore claws you.
* * * LOW HITPOINT WARNING * * *
You claw the manticore!
The manticore is severely wounded.
The manticore bites you but does no damage.
The manticore claws you.
* * * LOW HITPOINT WARNING * * *
The manticore claws you.
* * * LOW HITPOINT WARNING * * *
Okay, then.
Aiming: Fastroot
Press: ? - help, Shift-Dir - straight line, f - manticore
Aim: a manticore (severely wounded)
The roots erupt in riotous growth!
Roots grab the manticore.
Roots grab the skeletal warrior.
The grasping roots constrict the manticore.
The grasping roots constrict the skeletal warrior.
You hear a shout! x4; You hear an angry hiss.
You hear a shout!
The skeletal warrior escapes!
The manticore bites you!
You die...

...##...#
...##...# .# ...
#.##...# .# ...
..##...# .# ....
...#..##########
[#.....
<..............##
.#.....
...###.....###..#
.......
...........#
##.##.......
+#.....###.#
#.@Hz......
.....#.# ###
####.......
.....#.. .######
.....##. .# ....
. .# .#.# #. .#
.# .#


You could see a skeletal warrior (slow) and a manticore (rooted).

Vanquished Creatures
  A two-headed ogre (D:7)
  A troll (D:8)
  A hornet (D:7)
  An ice beast (D:5)
  A black bear (D:5)
  An ogre (D:4)
  A centaur (D:7)
  2 phantoms (D:5)
  A kobold brigand (D:4)
  3 scorpions
  5 wights (D:8)
  4 howler monkeys
  2 jellies
  3 hounds
  2 orc priests
  A sleepcap (D:4)
  3 iguanas
  A gnoll bouda (D:7)
  Ijyb (D:3)
  Natasha (D:3)
  5 gnolls
  7 adders
  A river rat (D:3)
  A white imp (D:5)
  3 worms
  12 dart slugs
  11 orcs
  8 ball pythons
  8 endoplasms
  5 giant cockroaches
  3 goblins
  3 hobgoblins
  6 jackals
  3 kobolds
  3 quokkas
  4 bats
  10 frilled lizards
  5 rats
134 creatures vanquished.

Notes
Turn   | Place    | Note
-------+----------+-------------------------------------------
     0 | D:1      | FRATTO the Troll Wanderer began the quest for the Orb.
     0 | D:1      | FRATTO set off with the following items: a +0 club, a
                  | potion of lignification, a +0 robe, a piece from Xom's
                  | chessboard (15/15); and the following spell memorised:
                  | Freeze; and the following spells available to memorise:
                  | Ensorcelled Hibernation, Poisonous Vapours, Cigotuvi's
                  | Dreadful Rot, Hailstorm.
     0 | D:1      | Reached XP level 1. HP: 16/16 MP: 1/1
   146 | D:1      | Found Imiph's Assorted Antiques.
   272 | D:1      | Reached skill level 1 in Unarmed Combat
   276 | D:1      | Reached XP level 2. HP: 26/26 MP: 2/2
   346 | D:1      | Reached skill level 1 in Fighting
   371 | D:1      | Found a faded altar of an unknown god.
   396 | D:1      | Prayed at the altar of an unknown god.
   396 | D:1      | Became a worshipper of Cheibriados the Contemplative
   396 | D:1      | Reached * piety under Cheibriados
   924 | D:2      | Reached XP level 3. HP: 29/33 MP: 3/3
   936 | D:2      | Learned a level 2 spell: Poisonous Vapours
   997 | D:2      | Reached skill level 2 in Unarmed Combat
  1161 | D:2      | Reached ** piety under Cheibriados
  1872 | D:3      | Noticed Natasha
  1875 | D:3      | Killed Natasha
  1876 | D:3      | Reached XP level 4. HP: 37/42 MP: 4/4
  2074 | D:3      | Found a hazy altar of Hepliaklqana.
  2087 | D:3      | Noticed Ijyb
  2091 | D:3      | Found a sparkling altar of Nemelex Xobeh.
  2096 | D:3      | Killed Ijyb
  2097 | D:3      | Reached skill level 3 in Unarmed Combat
  2266 | D:3      | Reached XP level 5. HP: 43/50 MP: 5/5
  2279 | D:3      | Reached *** piety under Cheibriados
  2637 | D:3      | Noticed Natasha
  2667 | D:4      | Reached skill level 4 in Unarmed Combat
  2667 | D:4      | Reached XP level 6. HP: 33/61 MP: 6/6
  3223 | D:4      | Reached **** piety under Cheibriados
  3461 | D:4      | Reached skill level 5 in Unarmed Combat
  3461 | D:4      | Reached XP level 7. HP: 70/70 MP: 7/7
  3631 | D:5      | Entered Level 5 of the Dungeon
  3742 | D:5      | Found a staircase to the Ecumenical Temple.
  3814 | D:5      | Reached skill level 1 in Invocations
  4056 | D:5      | Reached skill level 5 in Fighting
  4056 | D:5      | Reached skill level 6 in Unarmed Combat
  4117 | D:5      | Reached XP level 8. HP: 80/80 MP: 8/8
  4130 | D:5      | Found a hide-covered altar of Uskayaw.
  4303 | D:5      | Found an opulent altar of Gozag.
  4304 | D:5      | Found a shimmering altar of Xom.
  5387 | D:7      | Found a sacrificial altar of Ru.
  5446 | D:7      | Found a radiant altar of Vehumet.
  5450 | D:7      | Noticed a hornet
  5452 | D:7      | Killed a hornet
  5453 | D:7      | Reached skill level 7 in Unarmed Combat
  5649 | D:7      | Noticed a two-headed ogre
  5659 | D:7      | Killed a two-headed ogre
  5660 | D:7      | Reached XP level 9. HP: 91/91 MP: 9/11
  5834 | D:8      | Reached skill level 5 in Invocations
  5874 | D:8      | Noticed a troll
  5874 | D:8      | Noticed a manticore
  5875 | D:8      | Noticed a skeletal warrior
  5884 | D:8      | Killed a troll
  5885 | D:8      | Reached skill level 8 in Unarmed Combat
  5890 | D:8      | HP: 2/92 [manticore (10)]
  5895 | D:8      | Mangled by a manticore

Illustrated notes

Levels and vault maps discovered:
D:1:      nzn_arrival_water_spiral, layout_basic,
          hellmonk_ecumenical_altar_arch_garden, serial_shops, shop,
          minmay_box_of_dots
D:2:      layout_basic, minivault_4, minmay_lizard_pond
D:3:      kennysheep_slugbush, layout_basic, nicolae_overflow_squiral,
          portal_sewer_entry_a, uniq_natasha, uniq_ijyb
D:4:      layout_basic, minmay_misc_feat_cross
D:5:      layout_loops_ring, nicolae_uskayaw_murder_on_the_dancefloor,
          minitemple, minmay_temple_entry_gardened_gates, st_stairs_13,
          chequers_serial_rivers_room_b
D:6:      layout_loops_corners
D:7:      layout_rooms, kennysheep_mini_moat, kennysheep_mini
D:8:      minmay_cut_squares, layout_basic, serial_curves, eino_curves_04,
          eino_curves_02, eino_curves_04

Skill      XL: |  1  2  3  4  5  6  7  8  9 |
---------------+----------------------------+-----
Unarmed Combat | 1 2 3 4 5 6 7 8 |  8.1
Fighting       | 1 2 3 4 5 6 |  6.8
Invocations    | 2 4 5 |  5.2
Spellcasting   | |  1.2
Ice Magic      | |  3.7
Air Magic      | |  1.0
Evocations     | |  1.3

Action                     |  1- 3 |  4- 6 |  7- 9 || total
---------------------------+-------+-------+-------++-------
  Melee: Unarmed           |   103 |   155 |   122 ||   380
         Punch             |     1 |     8 |     6 ||    15
 Invoke: Slouch            |       |       |     1 ||     1
         Bend Time         |       |       |     1 ||     1
         Temporal Distorti |       |       |     1 ||     1
  Evoke: Wand              |       |       |     6 ||     6
    Use: Scroll            |     6 |     1 |     7 ||    14
         Potion            |       |       |     2 ||     2
   Stab: Sleeping          |       |     1 |     1 ||     2
 Armour: Robe              |    34 |    53 |    32 ||   119
  Dodge: Dodged            |    49 |    73 |    64 ||   186
